 Dungeon Crawl Stone Soup version 0.30-a0-29-g142975f185 (webtiles) character file.

Game seed: 6724255714353678700

13461 purpskrrrp the Brawler (level 11, -6/94 HPs)
             Began as a Troll Monk on Aug 26, 2022.
             Was a High Priest of Qazlal.
             Mangled by a skeletal warrior
             ... wielding a +0 glaive
              (21 damage)
             ... on level 11 of the Dungeon.
             The game lasted 00:38:29 (9315 turns).

purpskrrrp the Brawler (Troll Monk)                 Turns: 9315, Time: 00:38:29

Health: -6/94      AC: 13    Str: 32    XL:     11   Next: 75%
Magic:  22/22      EV: 13    Int:  6    God:    Qazlal [*****.]
Gold:   1754       SH:  6    Dex: 12    Spells: 10/10 levels left

rFire   + . .      SeeInvis .      - Unarmed
rCold   . . .      Faith    .    (no shield)
rNeg    . . .      Spirit   .    g - +2 robe {rF+}
rPois   .          Reflect  .    (helmet restricted)
rElec   .          Harm     .    f - scarf {+Inv}
rCorr   .          Rampage  .    (gloves unavailable)
Will    .....                    (boots unavailable)
Stlth   +.........               (no amulet)
HPRegen 1.05/turn                N - +4 ring of protection
MPRegen 0.18/turn                R - ring of Modesty {MP+9 Str+7 Stlth+}

@: protected from physical damage, repel missiles
A: large, unfitting armour, claws 3, regeneration 1, shaggy fur 1, tough skin 1
a: Renounce Religion, Evoke Invisibility, Upheaval, Elemental Force, Disaster
Area


You were on level 11 of the Dungeon.
You worshipped Qazlal.
Qazlal was extremely pleased with you.
You visited 2 branches of the dungeon, and saw 12 of its levels.
You also visited: Ossuary and Bailey.

You collected 2288 gold pieces.
You spent 534 gold pieces at shops.

Inventory:

Hand Weapons
 A - a +1 flail of draining
 E - a +0 vorpal giant spiked club
 K - a +1 whip of electrocution
 L - the +7 glaive "Xudwu" {venom, rCorr Str+2}
   (You found it in a bailey)

   It poisons the flesh of those it strikes.
   Str:       It affects your strength (+2).
   rCorr:     It protects you from acid and corrosion.
Missiles
 p - 8 curare-tipped darts (quivered)
 B - 25 boomerangs
 D - 2 throwing nets
 H - 4 atropa-tipped darts
 M - 4 datura-tipped darts
Armour
 a - a +0 robe
 f - a scarf of invisibility (worn)
 g - a +2 robe of fire resistance (worn)
Jewellery
 j - a ring of wizardry
 k - a ring of poison resistance
 m - a ring of willpower
 s - a ring of fire
 C - a ring of protection from cold
 N - a +4 ring of protection (left claw)
 R - the ring of Modesty (right claw) {MP+9 Str+7 Stlth+}
   (You bought it in a shop on level 10 of the Dungeon)

   [ring of magical power]

   Str:       It affects your strength (+7).
   MP:        It affects your magic capacity (+9).
   Stlth:     It makes you more stealthy.
Wands
 q - a wand of paralysis (16)
 J - a wand of polymorph (17)
 P - a wand of flame (12)
Scrolls
 o - 2 scrolls of noise
 y - 2 scrolls of magic mapping
 z - 3 scrolls of teleportation
 F - a scroll of fear
 G - a scroll of summoning
 I - 3 scrolls of poison
 O - a scroll of fog
Potions
 b - 2 potions of ambrosia
 c - 2 potions of magic
 d - a potion of invisibility
 e - 3 potions of resistance
 h - 3 potions of flight
 i - 2 potions of cancellation
 l - a potion of might
 n - 5 potions of attraction
 r - 3 potions of haste
 t - 7 potions of lignification
 u - 2 potions of berserk rage {unknown}
 v - 4 potions of curing
 w - 3 potions of mutation
 x - a potion of heal wounds


   Skills:
 - Level 2.4 Fighting
 + Level 9.2 Dodging
 - Level 1.0 Stealth
 * Level 15.0 Unarmed Combat
 + Level 5.2 Invocations


You had 10 spell levels left.
You didn't know any spells.
Your spell library contained the following spells:

 Spells                   Type           Power      Damage    Failure   Level
 Apportation              Tloc           0%         N/A       45%         1
 Beastly Appendage        Tmut           0%         N/A       45%         1
 Necrotise                Necr           0%         1d4       45%         1
 Sting                    Tmut/Pois      0%         1d3       45%         1
 Summon Small Mammal      Summ           0%         N/A       45%         1
 Blink                    Tloc           0%         N/A       58%         2
 Poisonous Vapours        Pois/Air       0%         N/A       58%         2
 Wereblood                Tmut           0%         N/A       58%         2
 Conjure Flame            Conj/Fire      0%         6-21      83%         3
 Ignite Poison            Fire/Tmut/Pois 0%         N/A       83%         3
 Inner Flame              Hex/Fire       0%         N/A       83%         3
 Lesser Beckoning         Tloc           0%         N/A       83%         3
 Spider Form              Tmut/Pois      0%         N/A       83%         3
 Cause Fear               Hex            0%         N/A       99%         4
 Corpse Rot               Necr/Pois/Air  0%         N/A       99%         4
 Olgreb's Toxic Radiance  Pois           0%         N/A       99%         4
 Sticky Flame             Conj/Fire      0%         2d3       99%         4
 Manifold Assault         Tloc           0%         N/A       100%        5
 Discord                  Hex            0%         N/A       100%        8


Dungeon Overview and Level Annotations

Branches:
Dungeon (11/15)            Temple (1/1) D:4            Lair (0/5) D:8
Ossuary (visited)          Bailey (visited)
    Orc: D:9-12

Altars:
Ashenzari
Cheibriados
Dithmenos
Elyvilon
Fedhas
Gozag
Hepliaklqana
Kikubaaqudgha
Makhleb
Nemelex Xobeh
Okawaru
Qazlal
Ru
Sif Muna
Trog
Uskayaw
Vehumet
Wu Jian
Xom
Yredelemnul
Zin
The Shining One

Shops:
D:4 *   D:10 =(*[


Innate Abilities, Weirdness & Mutations

You are too large for most types of armour.
You have claws for hands.
Your natural rate of healing is unusually fast.
You are covered in fur. (AC +1)
You have tough skin. (AC +1)


Message History

You feel protected from physical attacks.
You claw the skeletal warrior!
The skeletal warrior is moderately damaged.
You claw the skeletal warrior!
The skeletal warrior is heavily damaged.
The skeletal warrior hits you with a +0 battleaxe!
You feel more protected from physical attacks.
You closely miss the skeletal warrior.
You claw the skeletal warrior, but do no damage.
The skeletal warrior is heavily damaged.
The skeletal warrior hits you with a +0 battleaxe!
You claw the skeletal warrior!
The skeletal warrior is severely damaged.
The skeletal warrior hits you with a +0 battleaxe!
You claw the skeletal warrior!
The skeletal warrior is almost destroyed.
You scratch the skeletal warrior but do no damage.
The skeletal warrior is almost destroyed.
The skeletal warrior hits you with a +0 battleaxe!
You claw the skeletal warrior!
You destroy the skeletal warrior!
Qazlal accepts your kill.
Your Unarmed Combat skill increases to level 15!
You mangle the skeletal warrior!!
The skeletal warrior is heavily damaged.
The skeletal warrior hits you with a +0 flail!
* * * LOW HITPOINT WARNING * * *
The skeletal warrior misses you.
You can't see any enemies this would affect, really read the scroll of fear?
Okay, then.
Okay, then.
The skeletal warrior attacks as you move away!
The skeletal warrior hits you with a +0 flail.
* * * LOW HITPOINT WARNING * * *
The skeletal warrior is engulfed in freezing vapours.
There is a stone staircase leading up, spattered with blood here.
The skeletal warrior hits you with a +0 flail!
* * * LOW HITPOINT WARNING * * *
The skeletal warrior hits you from afar with a +0 glaive!!
You die...

#.# ##..######..# #.###..##
#...# ###.....### ##..##
###.....[..<####..##
#.............#....## .###
##...................#
#....##......§..............
#.......).........#.....
###..○°@..........##....
#..○☼z...^.....####...
#..☼○z........## ##..
##..○..(.....## ###
##.........## # ###....####
##.### #)# #.#


You could see 2 skeletal warriors.

Vanquished Creatures
  A boulder beetle (D:11)
  3 two-headed ogres
  3 skeletal warriors (D:11)
  An ugly thing (D:10)
  The ghost of ytrimaz the Nimble, a novice DsTm (D:6)
  The ghost of audacious124 the Chiller, a novice DsIE of Yredelemnul (D:5)
  Joseph (D:8)
  An efreet (D:10)
  Psyche (D:8)
  A yaktaur (D:10)
  Grinder (D:6)
  A slime creature (D:10)
  A vampire (D:9)
  A shadow (D:10)
  8 yaks
  A steam dragon (D:9)
  Edmund (D:6)
  3 water moccasins
  5 orc warriors
  3 black bears
  3 ogres
  A centaur (D:9)
  4 bullfrogs
  10 kobold brigands
  A necrophage (D:4)
  13 scorpions
  6 wights (D:9)
  4 killer bees (D:9)
  6 howler monkeys
  3 centaur zombies
  2 human zombies (Ossuary)
  Crazy Yiuf (D:6)
  2 gnoll boudas (D:5)
  3 hounds
  4 orc priests
  A bullfrog skeleton (D:5)
  10 iguanas
  5 scorpion zombies (Ossuary)
  6 orc wizards
  A killer bee zombie (D:5)
  3 mummies (Ossuary)
  A howler monkey zombie (D:5)
  13 gnolls
  A howler monkey skeleton (D:5)
  4 adders
  2 shadow imps
  A white imp (D:7)
  3 worms (D:3)
  2 dart slugs
  24 orcs
  5 endoplasms
  5 giant cockroaches
  9 goblins
  5 hobgoblins
  8 jackals
  A quokka (D:2)
  8 ball pythons
  5 bats
  5 frilled lizards
  2 gnoll zombies (Ossuary)
  5 goblin zombies (Ossuary)
  2 hobgoblin zombies (Ossuary)
  33 kobolds
  2 orc zombies (Ossuary)
  A quokka zombie (D:4)
  4 rats
  A rat zombie (D:4)
280 creatures vanquished.

Vanquished Creatures (others)
  An orc (D:8)
  20 fungi (D:8)
  15 plants (D:8)
  4 toadstools (D:7)
40 creatures vanquished.

Grand Total: 320 creatures vanquished

Notes
Turn   | Place    | Note
-------+----------+-------------------------------------------
     0 | D:1      | purpskrrrp the Troll Monk began the quest for the Orb.
     0 | D:1      | Reached XP level 1. HP: 22/22 MP: 0/0
     6 | D:1      | Noticed a polar bear
     6 | D:1      | Noticed a four-headed hydra
     6 | D:1      | Noticed a swamp worm
     6 | D:1      | Noticed a hound
     6 | D:1      | Noticed a salamander
    85 | D:1      | Reached XP level 2. HP: 29/29 MP: 1/1
   528 | D:1      | Reached XP level 3. HP: 34/36 MP: 2/2
   960 | D:2      | Reached skill level 4 in Unarmed Combat
  1138 | D:2      | Reached XP level 4. HP: 44/44 MP: 3/3
  2046 | D:4      | Found Mankempo's Overcharged Wands.
  2047 | D:4      | Noticed a scorpion
  2052 | D:4      | Killed a scorpion
  2053 | D:4      | Reached skill level 5 in Unarmed Combat
  2053 | D:4      | Reached XP level 5. HP: 34/50 MP: 4/4
  2167 | D:4      | Found a sand-covered staircase.
  2181 | Ossuary  | Entered an ossuary
  2206 | Ossuary  | Reached XP level 6. HP: 52/59 MP: 5/5
  2209 | Ossuary  | Reached skill level 6 in Unarmed Combat
  2278 | Ossuary  | Reached XP level 7. HP: 63/66 MP: 6/6
  2321 | Ossuary  | Reached skill level 7 in Unarmed Combat
  2442 | Ossuary  | Reached skill level 5 in Dodging
  2442 | Ossuary  | Reached skill level 8 in Unarmed Combat
  2446 | Ossuary  | Reached XP level 8. HP: 54/74 MP: 7/7
  2813 | D:4      | Found a staircase to the Ecumenical Temple.
  2856 | Temple   | Entered the Ecumenical Temple
  2986 | Temple   | Became a worshipper of Qazlal Stormbringer
  2986 | Temple   | Reached * piety under Qazlal
  2986 | Temple   | Reached ** piety under Qazlal
  3327 | D:5      | Entered Level 5 of the Dungeon
  3367 | D:5      | Reached skill level 9 in Unarmed Combat
  3630 | D:5      | Found a runed translucent gate.
  3631 | D:5      | Found a runed translucent gate.
  3632 | D:5      | Found a runed translucent gate.
  3633 | D:5      | Noticed audacious124's ghost (novice DsIE)
  3964 | D:5      | Reached skill level 10 in Unarmed Combat
  3977 | D:5      | Reached XP level 9. HP: 60/80 MP: 8/8
  4030 | D:5      | Found a white marble altar of Elyvilon.
  4096 | D:5      | Killed audacious124's ghost
  4284 | D:6      | Found a runed translucent door.
  4285 | D:6      | Noticed Crazy Yiuf
  4397 | D:6      | Found an opulent altar of Gozag.
  4507 | D:6      | Noticed Grinder
  4514 | D:6      | Killed Grinder
  4515 | D:6      | Reached skill level 11 in Unarmed Combat
  4524 | D:6      | Found a runed translucent door.
  4524 | D:6      | Noticed ytrimaz's ghost (novice DsTm)
  4548 | D:6      | Noticed Edmund
  4559 | D:6      | Killed Edmund
  5238 | D:6      | Killed Crazy Yiuf
  5371 | D:6      | Killed ytrimaz's ghost
  5477 | D:7      | Reached skill level 12 in Unarmed Combat
  5496 | D:7      | Reached *** piety under Qazlal
  5516 | D:7      | Found a bloodstained altar of Trog.
  5832 | D:7      | Reached XP level 10. HP: 88/88 MP: 9/9
  5868 | D:7      | Found a glowing golden altar of the Shining One.
  5870 | D:7      | Noticed an angel
  5881 | D:7      | Found a basalt altar of Yredelemnul.
  5887 | D:7      | Noticed a profane servitor
  5940 | D:7      | Found a shadowy altar of Dithmenos.
  5940 | D:7      | Found a hazy altar of Hepliaklqana.
  5948 | D:7      | Found a burning altar of Makhleb.
  5950 | D:7      | Found a faded altar of an unknown god.
  5952 | D:7      | Found a faded altar of an unknown god.
  6039 | D:8      | Noticed a two-headed ogre
  6045 | D:8      | Killed a two-headed ogre
  6153 | D:8      | Found a flagged portal.
  6160 | D:8      | Noticed Joseph
  6174 | D:8      | Killed Joseph
  6215 | Bailey   | Entered a bailey
  6258 | Bailey   | Reached skill level 1 in Invocations
  6279 | Bailey   | Reached **** piety under Qazlal
  6350 | Bailey   | Reached skill level 13 in Unarmed Combat
  6383 | Bailey   | Identified the +7 glaive "Xudwu" {venom, rCorr Str+2}
  6391 | Bailey   | Found an iron altar of Okawaru.
  6543 | D:8      | Noticed Psyche
  6557 | D:8      | Killed Psyche
  6558 | D:8      | Found a broken altar of Ashenzari.
  6737 | D:8      | Found a staircase to the Lair.
  7053 | D:9      | Found an ancient bone altar of Kikubaaqudgha.
  7326 | D:9      | Reached XP level 11. HP: 72/94 MP: 12/12
  7592 | D:9      | Found a snail-covered altar of Cheibriados.
  7673 | D:9      | Identified the +1 dagger "Bolif" {pain, Int+5 Dex+2}
  7887 | D:9      | Found a hide-covered altar of Uskayaw.
  8245 | D:9      | Identified a scroll of acquirement
  8245 | D:9      | Acquired 899 gold pieces
  8256 | D:10     | Entered Level 10 of the Dungeon
  8283 | D:10     | Noticed a two-headed ogre
  8292 | D:10     | Killed a two-headed ogre
  8293 | D:10     | Reached skill level 14 in Unarmed Combat
  8378 | D:10     | Found Aferur's Antique Armour Shoppe.
  8379 | D:10     | Found Otwa Hekka's Weapon Shoppe.
  8380 | D:10     | Found Cies's General Store.
  8381 | D:10     | Found Hojoih's Jewellery Shoppe.
  8397 | D:10     | Bought the ring of Modesty {MP+9 Str+7 Stlth+} for 534 gold
                  | pieces
  8414 | D:10     | Noticed a white ugly thing
  8416 | D:10     | Reached ***** piety under Qazlal
  8552 | D:10     | Killed a white ugly thing
  8855 | D:10     | Identified the +0 leather armour "Vacvufig" {-Tele rC+
                  | Int+3 Slay+2}
  9035 | D:10     | Found a sparkling altar of Nemelex Xobeh.
  9120 | D:11     | Noticed a two-headed ogre
  9128 | D:11     | Killed a two-headed ogre
  9192 | D:11     | Noticed a boulder beetle
  9205 | D:11     | Killed a boulder beetle
  9272 | D:11     | Noticed a skeletal warrior
  9272 | D:11     | Noticed a skeletal warrior
  9273 | D:11     | Noticed a skeletal warrior
  9273 | D:11     | Noticed a skeletal warrior
  9283 | D:11     | Noticed a skeletal warrior
  9294 | D:11     | Killed a skeletal warrior
  9299 | D:11     | Killed a skeletal warrior
  9300 | D:11     | Reached skill level 5 in Invocations
  9307 | D:11     | Killed a skeletal warrior
  9308 | D:11     | Reached skill level 15 in Unarmed Combat
  9315 | D:11     | Mangled by a skeletal warrior

Illustrated notes

Levels and vault maps discovered:
D:1:      onia_arrival_zoo_common, layout_basic
D:2:      layout_basic
D:3:      layout_basic
D:4:      layout_loops_ring, minmay_temple_entry_drinking_statues,
          enter_ossuary_4, nicolae_shop_overcharged_wands
D:5:      layout_loops_ring, lemuel_coloured_pillars_altar,
          gammafunk_ghost_necromancy, serial_glass, glass_columns_c,
          glass_columns_a, feat_on_display, minmay_strange_pillars,
          kennysheep_generic_room_10
D:6:      layout_basic, nicolae_gozag_cash_rules_everything_around_me,
          hellmonk_ghost_happy_afterlife, minmay_statues_item,
          uniq_crazy_yiuf_cottage, uniq_grinder, uniq_edmund
D:7:      layout_rooms, grunt_temple_overflow_holy_war,
          mainiacjoe_overflow_catwalk, chequers_temple_overflow_minitemple,
          minmay_gold_behind_fungi
D:8:      layout_rooms, evilmike_ruin_ashenzari, due_lair_maze_entry_diamond,
          enter_bailey_5, uniq_psyche, uniq_joseph
D:9:      layout_loops_corners, mainiacjoe_overflow_alcove_2, lemuel_tele_altar,
          nicolae_uskayaw_dance_studio, dk_noncrumbling_3
D:10:     layout_roguey, kennysheep_mini_moat, minmay_shop_grid_forest,
          kb_rosetta
D:11:     minmay_goldmine, layout_cave_pods, serial_glass, glass_columns_c,
          glass_columns_a, unseen_surprise_small, special_room
          [special_room_orc]
Temple:   kb_temple_of_zot

Skill      XL: |  1  2  3  4  5  6  7  8  9 10 11 |
---------------+----------------------------------+-----
Unarmed Combat | 4 5 6 8 10 12 13 15 | 15.0
Dodging        | 3 4 5 6 7 8 9 |  9.2
Invocations    | 3 5 |  5.2
Fighting       | |  2.4
Stealth        | |  1.0

Action                   |  1- 3 |  4- 6 |  7- 9 | 10-12 || total
-------------------------+-------+-------+-------+-------++-------
Melee: Unarmed           |   114 |   142 |   307 |   329 ||   892
       Punch             |     1 |     6 |    12 |    25 ||    44
Throw: Dart              |       |       |       |     6 ||     6
Invok: Upheaval          |       |       |       |     2 ||     2
  Use: Scroll            |       |     7 |     8 |    13 ||    28
       Potion            |       |       |       |     5 ||     5
 Stab: Sleeping          |     2 |     3 |     1 |       ||     6
       Distracted        |     1 |       |       |       ||     1
Armor: Robe              |    39 |    57 |    86 |    61 ||   243
Dodge: Dodged            |    68 |    60 |   150 |   149 ||   427
       Repelled          |       |       |       |     1 ||     1
Block: Other             |       |       |    21 |    55 ||    76

Table legend: (Time is in decaauts)
 A = Elapsed time spent in this place.
 B = Non-inter-level travel time spent in this place.
 C = Inter-level travel time spent in this place.
 D = Time resting spent in this place.
 E = Time spent auto-exploring this place.
 F = Levels seen in this place.
 G = Mean time per level.
                   A        B        C        D        E       F      G
               +--------+--------+--------+--------+--------+-----+--------+
         Total |   9112 |   8507 |    605 |    269 |   6151 |  14 |  650.9 |
       Dungeon |   8284 |   7708 |    576 |    203 |   5783 |  11 |  753.1 |
        Temple |    160 |    131 |     29 |      0 |     87 |   1 |  160.0 |
       Ossuary |    391 |    391 |      0 |     43 |    156 |   1 |  391.0 |
        Bailey |    275 |    275 |      0 |     23 |    125 |   1 |  275.0 |
               +--------+--------+--------+--------+--------+-----+--------+

Top non-repeatable levels by time:
     D:9: 1335 daAuts
     D:6: 1175 daAuts
     D:5: 922 daAuts
    D:10: 772 daAuts
     D:1: 758 daAuts
     D:2: 702 daAuts
     D:4: 667 daAuts
     D:3: 608 daAuts
     D:8: 590 daAuts
     D:7: 568 daAuts
 Ossuary: 391 daAuts
  Bailey: 275 daAuts
    D:11: 182 daAuts
  Temple: 160 daAuts
